 Dungeon Crawl Stone Soup version 0.27-a0-1220-g54dba09ff7 (webtiles) character file.

Game seed: 12267935957671529685

471 Delamore the Poker (level 7, -10/56 HPs)
             Began as a Formicid Fighter on June 7, 2021.
             Was an Initiate of Gozag.
             Mangled by Duvessa
             ... wielding a +0 short sword
              (12 damage)
             ... on level 4 of the Dungeon.
             The game lasted 00:03:35 (3434 turns).

Delamore the Poker (Formicid Fighter)               Turns: 3434, Time: 00:03:37

Health: -10/56     AC:  9    Str: 23    XL:     7   Next: 31%
Magic:  7/7        EV:  6    Int:  7    God:    Gozag
Gold:   68         SH: 11    Dex: 10    Spells: 6/6 levels left

rFire    . . .     SeeInvis +   a - +1 trident
rCold    . . .     Faith    .   c - +1 kite shield
rNeg     . . .     Spirit   .   h - +0 chain mail
rPois    .         Reflect  .   (helmet unavailable)
rElec    .         Harm     .   i - +2 cloak
rCorr    .         Rampage  .   (no gloves)
Will     .....                  k - +0 pair of boots
Stlth    ..........             (no amulet)
HPRegen  0.18/turn              (no ring)
MPRegen  0.10/turn              (no ring)

@: mighty, brilliant
A: permanent stasis, dig shafts and tunnels, antennae 3, four strong arms,
deformed body
a: Dig, Shaft Self, Renounce Religion, Potion Petition, Call Merchant, Bribe
Branch


You were on level 4 of the Dungeon.
You worshipped Gozag.
Gozag was noncommittal.
You visited 2 branches of the dungeon, and saw 5 of its levels.

You collected 173 gold pieces.
You paid 105 gold pieces to Gozag.

Inventory:

Hand Weapons
 a - a +1 trident (weapon)
Missiles
 o - 3 boomerangs (quivered)
Armour
 b - a +0 scale mail
 c - a +1 kite shield (worn)
 h - a +0 chain mail (worn)
 i - a +2 cloak (worn)
 k - a +0 pair of boots (worn)
Scrolls
 j - 3 scrolls of identify
 l - 2 scrolls of blinking
 n - a scroll of enchant armour
Potions
 e - 3 potions of haste
 p - a potion of heal wounds {unknown}
 q - a potion of mutation


   Skills:
 - Level 5.0 Fighting
 * Level 5.6 Polearms
 - Level 3.2 Armour
 + Level 5.4 Shields


You had 6 spell levels left.
You didn't know any spells.
Your spell library contained the following spells:

 Spells                   Type           Power      Damage    Failure   Level
 Corona                   Hex            0%         N/A       100%        1
 Ensorcelled Hibernation  Hex/Ice        0%         N/A       100%        2
 Confusing Touch          Hex            0%         N/A       100%        3
 Dazzling Flash           Conj/Hex       0%         N/A       100%        3
 Tukima's Dance           Hex            0%         N/A       100%        3


Dungeon Overview and Level Annotations

Branches:
Dungeon (4/15)             Temple (1/1) D:4

Altars:
Dithmenos
Fedhas
Gozag
Okawaru
Qazlal
Ru
Sif Muna
Trog
Uskayaw
Vehumet
Xom
Yredelemnul

Shops:
D:2 ?

Annotations:
D:4 Duvessa


Innate Abilities, Weirdness & Mutations

You cannot be hasted, slowed, berserked, paralysed or teleported.
You can dig through walls and to a lower floor.
You have a pair of large antennae on your head. (SInv)
Your four strong arms can wield two-handed weapons with a shield.
Armour fits poorly on your strangely shaped body.


Message History

The hobgoblin hits you but does no damage.
Duvessa hits you with a +0 short sword!
Okay, then.
You hit Duvessa.
Duvessa is lightly wounded.
Duvessa hits you with a +0 short sword!
* * * LOW HITPOINT WARNING * * *
You block the hobgoblin's attack.
Okay, then.
Duvessa hits you with a +0 short sword.
* * * LOW HITPOINT WARNING * * *
It was a potion of curing.
You feel better. You block Duvessa's attack. The hobgoblin barely misses you.
You feel better. Duvessa hits you but does no damage. x2
The hobgoblin barely misses you.
You hit Duvessa but do no damage.
Duvessa is lightly wounded.
Duvessa hits you with a +0 short sword!
* * * LOW HITPOINT WARNING * * *
You block the hobgoblin's attack. You block Duvessa's attack.
You feel better. Duvessa hits you with a +0 short sword.
* * * LOW HITPOINT WARNING * * *
You block the hobgoblin's attack.
It was a potion of brilliance.
You feel clever all of a sudden. Duvessa hits you with a +0 short sword.
* * * LOW HITPOINT WARNING * * *
The hobgoblin hits you but does no damage.
You block Duvessa's attack.
It was a potion of mutation.
You feel extremely strange.
Your body twists and deforms.
Duvessa hits you with a +0 short sword!
* * * LOW HITPOINT WARNING * * *
You block the hobgoblin's attack.
It was a potion of berserk rage.
Your stasis prevents you from going berserk.
You block Duvessa's attack. You block the hobgoblin's attack.
Duvessa hits you with a +0 short sword!
You die...
Your body crumbles into a pile of gold.

.............#....
.................##+####
.........#######.#......
.........#$$$$.#........
...##+#..#..$$.#........
...#.....#.._..'........
...#.....#.$.$.#$.......
...#.....#.$...#eg......
...#.....#######@.......
...#....................
...#.....#..............
...##....#..............
....#....#########$.....
....#....# ......
....'....# ......
....#....# ......
....#....# ...


You could see Duvessa (berserk) and a hobgoblin.

Vanquished Creatures
  A black bear (D:4)
  A phantom (D:4)
  Dowan (D:4)
  A howler monkey (D:4)
  A hound (D:4)
  Crazy Yiuf (D:2)
  2 orc wizards (D:3)
  3 adders
  2 worms (D:3)
  A dart slug (D:1)
  2 orcs (D:3)
  9 ball pythons
  5 bats
  6 endoplasms
  3 giant cockroaches
  6 goblins
  6 hobgoblins
  5 jackals
  A quokka (D:2)
  5 frilled lizards
  6 kobolds
  5 rats
73 creatures vanquished.

Vanquished Creatures (others)
  10 plants (D:1)
10 creatures vanquished.

Grand Total: 83 creatures vanquished

Notes
Turn   | Place    | Note
-------+----------+-------------------------------------------
     0 | D:1      | Delamore the Formicid Fighter began the quest for the Orb.
     0 | D:1      | Reached XP level 1. HP: 18/18 MP: 1/1
    25 | D:1      | Reached XP level 2. HP: 21/24 MP: 2/2
   380 | D:1      | Reached XP level 3. HP: 30/30 MP: 3/3
   416 | D:1      | Found a faded altar of an unknown god.
   424 | D:1      | Became a worshipper of Uskayaw the Reveller
   424 | D:1      | Reached * piety under Uskayaw
   567 | D:1      | Reached ** piety under Uskayaw
  1258 | D:2      | Reached XP level 4. HP: 37/37 MP: 4/4
  1377 | D:2      | Found Tahais's Magic Scroll Shoppe.
  1412 | D:2      | Found a runed translucent door.
  1413 | D:2      | Noticed Crazy Yiuf
  1686 | D:2      | Killed Crazy Yiuf
  1687 | D:2      | Reached XP level 5. HP: 13/42 MP: 5/5
  2577 | D:3      | Reached *** piety under Uskayaw
  2981 | D:4      | Noticed a phantom
  2991 | D:4      | Killed a phantom
  2992 | D:4      | Reached XP level 6. HP: 37/49 MP: 6/6
  3041 | D:4      | Reached skill level 5 in Polearms
  3113 | D:4      | Found a staircase to the Ecumenical Temple.
  3123 | Temple   | Entered the Ecumenical Temple
  3185 | Temple   | Fell from the grace of Uskayaw
  3185 | Temple   | Became a worshipper of Gozag Ym Sagoz the Greedy
  3289 | D:4      | Noticed a black bear
  3302 | D:4      | Killed a black bear
  3303 | D:4      | Reached skill level 5 in Fighting
  3303 | D:4      | Reached skill level 5 in Shields
  3303 | D:4      | Reached XP level 7. HP: 52/56 MP: 7/7
  3333 | D:4      | Found a stormy altar of Qazlal.
  3333 | D:4      | Noticed Dowan
  3334 | D:4      | Noticed Duvessa
  3421 | D:4      | Killed Dowan
  3433 | D:4      | Gained mutation: Armour fits poorly on your strangely
                  | shaped body. [potion of mutation]
  3433 | D:4      | HP: 2/56 [Duvessa/+0 short sword (8)]
  3434 | D:4      | Mangled by Duvessa

Illustrated notes

Levels and vault maps discovered:
D:1:      ncdulo_lavacross, layout_rooms, ebering_ecumenical_altar_hall,
          serial_forest, infiniplex_forest_clump_double,
          infiniplex_forest_straight_2, infiniplex_forest_end_2,
          infiniplex_forest_clump_medium, infiniplex_forest_diagonal,
          infiniplex_forest_3_way, infiniplex_forest_clump_curved,
          kennysheep_minor_cross, nrook_mini_vaults
D:2:      layout_loops_ring, serial_shops, shop, uniq_crazy_yiuf_cottage
D:3:      layout_basic
D:4:      layout_gridville, amcnicky_altar_gilded, temple_fountains,
          uniq_duvessa
Temple:   eino_temple_rhombus

Skill      XL: |  1  2  3  4  5  6 |
---------------+-------------------+-----
Polearms       | 3 4 5 |  5.6
Fighting       | 4 5 |  5.0
Shields        | 4 5 |  5.4
Armour         | |  3.2

Action                   |  1- 3 |  4- 6 |  7- 9 || total
-------------------------+-------+-------+-------++-------
Melee: Trident           |   125 |   137 |    12 ||   274
Throw: Boomerang         |       |     3 |       ||     3
 Abil: Dig               |     1 |     1 |       ||     2
  Use: Scroll            |     4 |     3 |       ||     7
       Potion            |       |       |     7 ||     7
 Stab: Paralysed         |       |     2 |       ||     2
       Distracted        |       |     1 |       ||     1
Armor: Scale mail        |    42 |       |       ||    42
       Chain mail        |    13 |    52 |     6 ||    71
Dodge: Dodged            |    46 |    30 |     3 ||    79
Block: Kite shield       |    82 |    73 |    13 ||   168

Table legend: (Time is in decaauts)
 A = Elapsed time spent in this place.
 B = Non-inter-level travel time spent in this place.
 C = Inter-level travel time spent in this place.
 D = Time resting spent in this place.
 E = Time spent auto-exploring this place.
 F = Levels seen in this place.
 G = Mean time per level.
                   A        B        C        D        E       F      G
               +--------+--------+--------+--------+--------+-----+--------+
         Total |   3516 |   3449 |     67 |    367 |   2431 |   5 |  703.2 |
       Dungeon |   3437 |   3395 |     42 |    367 |   2380 |   4 |  859.2 |
        Temple |     79 |     54 |     25 |      0 |     51 |   1 |   79.0 |
               +--------+--------+--------+--------+--------+-----+--------+

Top non-repeatable levels by time:
     D:3: 1060 daAuts
     D:2: 1035 daAuts
     D:1: 939 daAuts
     D:4: 402 daAuts
  Temple: 79 daAuts
